AoeStats
← JD

Hideout

509331056Analyzed
1v1 RM · 8d ago on Sep 26, 2026· 42m 2s· 2 players
Game mode
Random Map
Map size
Tiny (2 player)
Population
200
Speed
Normal
Resources
Standard
Victory
Conquest
Starting age
Dark Age
Ending age
Imperial Age
RankedLock teamsTeams togetherTeam positionsShared explorationLock speedFull tech treeHidden civsTurbo modeCheats
Victory
Defeat
🇵🇰 Spanish · Pakistan
1362
+15
🇦🇷 Koreans · Argentina
1347
-15
O P T I M U S
6:11 Loom
8:56 Feudal Age
9:02 Man-at-Arms
13:47 Fletching
16:43 Double-Bit Axe
22:15 Castle Age
22:59 Bodkin Arrow
23:48 Bow Saw
34:58 Gold Mining
39:42 Imperial Age
38:23 Stone Mining
39:17 Husbandry
41:03 Ballistics
41:51 Bracer
42:53 Chemistry
JD
8:15 Loom
10:01 Feudal Age
14:03 Fletching
14:08 Double-Bit Axe
18:17 Horse Collar
21:52 Castle Age
21:17 Gold Mining
24:42 Padded Archer Armor
30:19 Wheelbarrow
31:04 Bow Saw
31:29 Bloodlines
31:54 Leather Archer Armor
33:18 Husbandry
34:42 Hand Cart
37:22 Imperial Age
34:44 Town Watch
35:08 Heavy Plow
38:01 Bodkin Arrow
39:00 Ring Archer Armor
40:16 Chemistry
39:51 Conscription
40:05 Elite Conquistador
41:21 Forging
41:11 Bracer
Connection lost

Rejoining the realm…

Still unreachable

The connection could not be restored.

Session expired

The server has moved on; the page needs a fresh start.